 Dungeon Crawl Stone Soup version 0.30-a0-377-g5cb311bc9f (webtiles) character file.

Game seed: 15271573429343506749

3670 NinjaNoafa the Summoner (level 9, -3/39 HPs)
             Began as a Felid Summoner on Nov 30, 2022.
             Was an Initiate of Gozag.
             Slain by a minotaur (6 damage)
             ... on level 1 of the Lair of Beasts.
             The game lasted 00:29:09 (12447 turns).

NinjaNoafa the Summoner (Felid Summoner)           Turns: 12447, Time: 00:29:10

Health: -3/39      AC:  2    Str:  4    XL:     9   Next: 89%
Magic:  33/33      EV: 20    Int: 22    God:    Gozag
Gold:   1522       SH:  0    Dex: 16    Spells: 12/28 levels left
                                        Lives:  0   Deaths: 3

rFire   . . .      SeeInvis +    (weapon unavailable)
rCold   . . .      Faith    .    (shield unavailable)
rNeg    . . .      Spirit   .    (body armour unavailable)
rPois   .          Reflect  .    (helmet unavailable)
rElec   +          Harm     .    (cloak unavailable)
rCorr   .          Rampage  .    (gloves unavailable)
Will    +....                    (boots unavailable)
Stlth   ++........               n - amulet of magic regeneration
HPRegen 0.26/turn                q - ring of Wisdom {rElec MP+9}
MPRegen 0.63/turn                (no ring)

@: quick
A: very small, claws 1, fangs 3, see invisible, speed 1, shaggy fur 2, stealthy
paws, no weapons or thrown items, no armour, multi-lived
a: Renounce Religion, Potion Petition, Call Merchant, Bribe Branch


You were on level 1 of the Lair of Beasts.
You worshipped Gozag.
Gozag was most pleased with you.
You visited 3 branches of the dungeon, and saw 12 of its levels.
You also visited: Ossuary.

You collected 1582 gold pieces.
You paid 60 gold pieces to Gozag.

Inventory:

Jewellery
 n - an amulet of magic regeneration (around neck)
 q - the ring of Wisdom (left paw) {rElec MP+9}
   (You found it on level 4 of the Dungeon)

   [ring of magical power]

   rElec:     It insulates you from electricity.
   MP:        It affects your magic capacity (+9).
Wands
 k - a wand of digging (5)
 p - a wand of flame (26)
 y - a wand of paralysis (4)
 E - a wand of polymorph (16)
 H - a wand of acid (3)
Scrolls
 b - a scroll of fog {unknown}
 e - a scroll of vulnerability {unknown}
 g - 8 scrolls of teleportation
 h - 3 scrolls of fear
 m - a scroll of blinking {unknown}
 t - 3 scrolls of poison
 u - a scroll of torment {unknown}
 v - 2 scrolls of magic mapping {unknown}
 w - a scroll of immolation {unknown}
 x - a scroll of acquirement {unknown}
 B - a scroll of enchant weapon {unknown}
 D - a scroll of amnesia
 G - 2 scrolls of enchant armour {unknown}
 I - a scroll of silence {unknown}
Potions
 a - 4 potions of magic
 c - 2 potions of mutation
 d - 3 potions of cancellation
 f - 3 potions of heal wounds
 i - 5 potions of might
 j - 3 potions of curing
 l - 4 potions of lignification
 o - 3 potions of invisibility
 r - 3 potions of berserk rage
 s - 4 potions of attraction
 z - a potion of flight {unknown}
 A - 3 potions of brilliance {unknown}
 C - a potion of resistance {unknown}
 F - a potion of haste {unknown}
 J - a potion of degeneration {unknown}


   Skills:
 + Level 4.4 Fighting
 + Level 6.7 Dodging
 - Level 2.6 Stealth
 - Level 10.0 Spellcasting
 - Level 5.0 Hexes
 - Level 10.0 Summonings
 - Level 7.0 Air Magic


You had 12 spell levels left.
You knew the following spells:

 Your Spells              Type           Power      Damage    Failure   Level
a - Summon Small Mammal   Summ           100%       N/A       1%          1
b - Call Imp              Summ           53%        N/A       1%          2
c - Call Canine Familiar  Summ           53%        N/A       1%          3
d - Summon Guardian Gole  Hex/Summ       44%        N/A       1%          3
e - Summon Lightning Spi  Summ/Air       48%        N/A       1%          4
f - Magic Dart            Conj           44%        1d5       6%          1
g - Ensorcelled Hibernat  Hex/Ice        44%        N/A       3%          2

Your spell library contained the following spells:

 Spells                   Type           Power      Damage    Failure   Level
 Kindle Blastsparks       Fire/Tloc/Air  42%        2d13      7%          3
 Summon Ice Beast         Ice/Summ       33%        N/A       8%          4
 Searing Ray              Conj           22%        2d5       9%          2
 Frozen Ramparts          Ice            22%        1d4       19%         3
 Ignite Poison            Fire/Tmut/Pois 11%        N/A       19%         3
 Spider Form              Tmut/Pois      11%        N/A       19%         3
 Stone Arrow              Conj/Erth      22%        3d8       19%         3
 Anguish                  Hex/Necr       11%        N/A       22%         4
 Fulminant Prism          Conj/Hex       11%        3d8       22%         4
 Ice Form                 Ice/Tmut       11%        N/A       52%         4
 Freezing Cloud           Conj/Ice/Air   10%        6-21      54%         5
 Lehudib's Crystal Spear  Conj/Erth      5%         10d3      100%        8
 Animate Armour           Summ/Erth      Unusable   N/A       N/A         4

Dungeon Overview and Level Annotations

Branches:
Dungeon (10/15)            Temple (1/1) D:4            Lair (1/5) D:10
    Orc (0/2) D:9         Ossuary (visited)

Altars:
Ashenzari
Cheibriados
Dithmenos
Elyvilon
Fedhas
Gozag
Hepliaklqana
Kikubaaqudgha
Makhleb
Nemelex Xobeh
Okawaru
Qazlal
Ru
Sif Muna
Trog
Uskayaw
Vehumet
Wu Jian
Xom
Yredelemnul
Zin
The Shining One

Shops:
D:6 **


Innate Abilities, Weirdness & Mutations

You have sharp claws.
You have razor-sharp teeth.
You have supernaturally acute eyesight. (SInv)
You cover ground quickly. (Speed+)
You are covered in thick fur. (AC +2)
Your paws help you pounce on unaware monsters.
You are incapable of wielding weapons or throwing items.
You cannot wear armour.
You gain extra lives every three experience levels.


Message History

Casting: Summon Lightning Spire (dangerous; 1% risk of failure)
Confirm with . or Enter, or press ? or * to list all spells.
A guardian golem appears, shielding your allies.
Your warg bites the minotaur!
Your warg bites the minotaur but does no damage.
What are your orders? t - Meow!
Orders for allies: a - Attack new target. p - Attack previous target. r - Retreat! s - Stop attacking. g - Guard the area. f - Follow me.
Anything else - Cancel.
Okay, then.
The minotaur barely misses your warg. The minotaur misses your warg.
Your warg bites the minotaur but does no damage.
What are your orders? t - Meow!
Orders for allies: a - Attack new target. p - Attack previous target. r - Retreat! s - Stop attacking. g - Guard the area. f - Follow me.
Anything else - Cancel.
Gang up on whom?
Press: ? - help, Dir - move target, f/p - minotaur
Aim: a minotaur, wearing a +0 plate armour and quivering silver javelins (moderately wounded, ally target) Attack!
The minotaur hits your warg! The minotaur misses your warg.
Your warg bites the minotaur!
Your warg bites the minotaur but does no damage.
The minotaur throws a silver javelin.
The silver javelin pierces through your warg!!
The silver javelin pierces through you!
Your warg bites the minotaur.
The minotaur hits your warg! The minotaur gores your warg!
Your warg dies!
Your warg's corpse disappears in a puff of smoke!
Your guardian golem overheats!
The minotaur throws a silver javelin.
The silver javelin pierces through you!!
* * * LOW HITPOINT WARNING * * *
x2 The minotaur hits you.
You die...
Your body crumbles into a pile of gold.

##################
#..........).....#
#.#.############.#
#.#........ #.#
#.#.########## #.#
#.#.#.....@..# #.#
#.#.#.⌠####H.#
#.##########
###.#.##..##9#
#.#.........
#.#.#.8>.#.#
#.#....#.#.#
#.#.#.88§..#
#.#....#....
#.#.##..##.#
#.#.........
#.#.⌠####⌠.#
#.#.........
#.#........#
#.#....#....
#.##.#######
#.#....#....


You could see a minotaur (ally target) and a friendly guardian golem (summoned,
inner flame).

Vanquished Creatures
  2 vampire mosquitoes (D:10)
  A ball python (D:4)
  2 bats (D:2)
5 creatures vanquished.

Vanquished Creatures (collateral kills)
  2 cane toads (Lair:1)
  3 kobold demonologists
  3 blink frogs (Lair:1)
  Sigmund (D:3)
  A vampire (D:10)
  10 yaks (D:9)
  A wraith (D:8)
  A basilisk (Lair:1)
  2 steam dragons
  An acid dragon (D:10)
  4 water moccasins
  A sky beast (D:7)
  A black bear (D:6)
  4 centaurs
  A phantom (D:5)
  4 kobold brigands
  5 bullfrogs
  3 necrophages (D:8)
  2 wyvern zombies (D:8)
  2 scorpions (D:4)
  7 wights
  9 killer bees (D:9)
  3 howler monkeys (D:9)
  5 centaur zombies
  2 hounds
  4 orc priests
  A gnoll bouda (D:8)
  4 iguanas
  8 orc wizards
  2 killer bee zombies (D:8)
  5 mummies (Ossuary)
  3 gnolls (D:8)
  5 adders
  4 ufetubi
  A worm (D:4)
  2 dart slugs (D:2)
  19 orcs
  6 ball pythons
  3 bats (D:1)
  7 endoplasms
  4 giant cockroaches
  7 goblins
  4 hobgoblins
  A frilled lizard (D:1)
  6 hobgoblin zombies (Ossuary)
  16 kobolds
  7 rats
197 creatures vanquished.

Vanquished Creatures (others)
  2 yaks (D:9)
  2 black bears
  An ogre (D:4)
  A centaur (D:6)
  2 wights (D:9)
  A howler monkey (D:6)
  Crazy Yiuf (D:2)
  A bush (D:8)
  11 plants (D:8)
22 creatures vanquished.

Grand Total: 224 creatures vanquished

Notes
Turn   | Place    | Note
-------+----------+-------------------------------------------
     0 | D:1      | NinjaNoafa the Felid Summoner began the quest for the Orb.
     0 | D:1      | Reached XP level 1. HP: 7/7 MP: 4/4
   369 | D:1      | Reached XP level 2. HP: 8/11 MP: 0/6
   558 | D:1      | Learned a level 2 spell: Call Imp
   873 | D:2      | Found a shimmering altar of Xom.
   917 | D:2      | Reached XP level 3. HP: 14/14 MP: 8/8
   929 | D:2      | Learned a level 3 spell: Call Canine Familiar
  1337 | D:2      | Found a runed translucent door.
  1338 | D:2      | Noticed Crazy Yiuf
  1630 | D:3      | Reached XP level 4. HP: 18/18 MP: 3/9
  1644 | D:3      | Learned a level 3 spell: Summon Guardian Golem
  1718 | D:2      | Killed Crazy Yiuf
  1719 | D:2      | Reached skill level 5 in Summonings
  2281 | D:3      | Identified the +6 spear of Epodea {drain, Stlth+}
  2290 | D:3      | Noticed Sigmund
  2305 | D:3      | Killed Sigmund
  2306 | D:3      | Reached XP level 5. HP: 21/21 MP: 5/12
  2306 | D:3      | Gained mutation: You are covered in thick fur. (AC +2)
                  | [Felid growth]
  2306 | D:3      | Reached XP level 6. HP: 24/24 MP: 5/13
  2701 | D:4      | Identified the ring of Wisdom {rElec MP+9}
  2845 | D:4      | Reached skill level 1 in Hexes
  3398 | D:4      | Found a staircase to the Ecumenical Temple.
  3414 | Temple   | Entered the Ecumenical Temple
  3773 | D:4      | Reached XP level 7. HP: 7/27 MP: 14/15
  3858 | D:4      | Found a sacrificial altar of Ru.
  3859 | D:4      | Found an opulent altar of Gozag.
  4011 | D:4      | Became a worshipper of Gozag Ym Sagoz the Greedy
  4062 | D:5      | Entered Level 5 of the Dungeon
  4086 | D:4      | Reached skill level 5 in Spellcasting
  4728 | D:5      | Learned a level 2 spell: Ensorcelled Hibernation
  5019 | D:6      | Reached skill level 5 in Hexes
  5276 | D:6      | Slain by a black bear
  5277 | D:6      | Reached XP level 6. HP: 0/24 MP: 13/24
  5347 | D:6      | Reached XP level 7. HP: 27/27 MP: 14/16
  5505 | D:6      | Found Rycestridgh's Specific Store.
  5509 | D:6      | Found Ephoi's General Store.
  6069 | D:6      | Learned a level 4 spell: Summon Lightning Spire
  6115 | D:7      | Noticed a steam dragon
  6193 | D:7      | Found a sand-covered staircase.
  6198 | Ossuary  | Entered an ossuary
  6331 | Ossuary  | Reached skill level 1 in Air Magic
  6375 | Ossuary  | Reached XP level 8. HP: 31/31 MP: 18/18
  6623 | D:7      | HP: 1/31 [poisoned by a kobold brigand (curare-tipped
                  | dart)]
  7199 | D:7      | Identified the +6 short sword of Golden Defiance {vorpal,
                  | Int+4}
  7625 | D:8      | Reached XP level 9. HP: 34/34 MP: 21/21
  8099 | D:8      | Found a blossoming altar of Fedhas.
  8523 | D:9      | Reached skill level 5 in Air Magic
  8559 | D:9      | Reached skill level 10 in Summonings
  8778 | D:9      | Reached XP level 10. HP: 15/36 MP: 23/23
  9244 | D:9      | Noticed a sun demon
  9401 | D:9      | Reached skill level 10 in Spellcasting
  9793 | D:9      | Found a staircase to the Orcish Mines.
 10096 | D:9      | Reached skill level 1 in Fighting
 10356 | D:10     | Entered Level 10 of the Dungeon
 10562 | D:10     | Learned a level 3 spell: Kindle Blastsparks
 10564 | D:10     | Learned a level 1 spell: Magic Dart
 10638 | D:10     | HP: 1/39 [vampire mosquito (3)]
 10641 | D:10     | Slain by a vampire mosquito
 10642 | D:10     | Reached XP level 9. HP: -4/36 MP: 25/33
 10722 | D:10     | Found a staircase to the Lair.
 10872 | D:10     | Noticed a kobold demonologist
 10879 | D:10     | Killed a kobold demonologist
 11127 | D:10     | Reached skill level 5 in Dodging
 11127 | D:10     | Reached XP level 10. HP: 24/42 MP: 23/25
 11164 | D:9      | Slain by a vampire mosquito
 11165 | D:9      | Reached XP level 9. HP: 1/37 MP: 17/33
 11791 | Lair:1   | Entered Level 1 of the Lair of Beasts
 11833 | Lair:1   | Noticed a cane toad
 11840 | Lair:1   | Killed a cane toad
 11913 | Lair:1   | Noticed a cane toad
 11927 | Lair:1   | Killed a cane toad
 12072 | Lair:1   | Found a runed translucent door.
 12431 | Lair:1   | Noticed a minotaur
 12447 | Lair:1   | Slain by a minotaur

Illustrated notes

Levels and vault maps discovered:
D:1:      shiori_arrival_maze, layout_rooms
D:2:      layout_basic, basic_altar, uniq_crazy_yiuf_cottage
D:3:      layout_loops_ring, uniq_sigmund
D:4:      wander_river, layout_basic, gammafunk_temple_overflow_statue,
          minmay_temple_entry_tees, st_stairs_9, chequers_serial_rivers_small_a,
          chequers_serial_rivers_small_a, grunt_ministairs_13
D:5:      layout_rooms, grunt_ministairs_9
D:6:      layout_basic, kennysheep_small_spiral, nicolae_specific_store
D:7:      layout_cave_pods, enter_ossuary_2
D:8:      layout_loops_ring, fedhas_altar_decomposition
D:9:      layout_layer_cave, orc_0_dummy
D:10:     layout_basic, lair_entry_dummy
Temple:   compressed_dpeg_triangle_lava_temple
Lair:1:   dreamdust_labyrinth, layout_regular_city,
          chequers_serial_rivers_micro_e, st_stairs_6

Skill      XL: |  1  2  3  4  5  6  7  8  9 10 |
---------------+-------------------------------+-----
Spellcasting   | 3 4 6 7 8 10 | 10.0
Summonings     | 5 6 8 9 10 | 10.0
Hexes          | 3 5 |  5.0
Air Magic      | 1 3 6 7 |  7.0
Dodging        | 6 3 |  6.7
Fighting       | 4 1 |  4.4
Stealth        | |  2.6

Action                   |  1- 3 |  4- 6 |  7- 9 | 10-12 || total
-------------------------+-------+-------+-------+-------++-------
Melee: Unarmed           |     5 |     3 |     8 |     4 ||    20
       Bite              |       |     2 |     1 |       ||     3
 Cast: Summon Small Mamm |    34 |    24 |    55 |    12 ||   125
       Call Imp          |     5 |     9 |    22 |     7 ||    43
       Call Canine Famil |     5 |    13 |    27 |     7 ||    52
       Summon Guardian G |       |     7 |    21 |     5 ||    33
       Ensorcelled Hiber |       |       |    11 |       ||    11
       Summon Lightning  |       |       |    36 |    16 ||    52
       Magic Dart        |       |       |    12 |     1 ||    13
       Kindle Blastspark |       |       |       |     2 ||     2
Evoke: Wand              |       |     2 |     5 |       ||     7
  Use: Scroll            |       |       |    16 |     2 ||    18
       Potion            |       |       |     3 |       ||     3
 Stab: Sleeping          |     1 |       |     1 |       ||     2
       Paralysed         |       |       |     1 |       ||     1
       Betrayed ally     |       |       |       |     1 ||     1
Armor: Skin              |     6 |     1 |    16 |       ||    23
Dodge: Dodged            |    40 |    18 |   164 |    36 ||   258

Table legend: (Time is in decaauts)
 A = Elapsed time spent in this place.
 B = Non-inter-level travel time spent in this place.
 C = Inter-level travel time spent in this place.
 D = Time resting spent in this place.
 E = Time spent auto-exploring this place.
 F = Levels seen in this place.
 G = Mean time per level.
                   A        B        C        D        E       F      G
               +--------+--------+--------+--------+--------+-----+--------+
         Total |  10800 |  10013 |    787 |      0 |   7443 |  13 |  830.8 |
       Dungeon |   9777 |   9007 |    770 |      0 |   6710 |  10 |  977.7 |
        Temple |    252 |    247 |      5 |      0 |    237 |   1 |  252.0 |
          Lair |    570 |    558 |     12 |      0 |    376 |   1 |  570.0 |
       Ossuary |    200 |    200 |      0 |      0 |    119 |   1 |  200.0 |
               +--------+--------+--------+--------+--------+-----+--------+

Top non-repeatable levels by time:
     D:9: 2020 daAuts
     D:4: 1215 daAuts
     D:6: 989 daAuts
     D:7: 899 daAuts
     D:8: 888 daAuts
     D:3: 884 daAuts
    D:10: 856 daAuts
     D:1: 756 daAuts
     D:2: 709 daAuts
  Lair:1: 570 daAuts
     D:5: 557 daAuts
  Temple: 252 daAuts
 Ossuary: 200 daAuts
